Map: 아이스 앤 크롬 - 래더

Players

LiquidClem (Clem) - Winner!

  • Race: Terran Terran
  • Spawn Location: 7:00

Solar

  • Race: Zerg Zerg
  • Spawn Location: 1:00

Event: StayAtHomestory Cup #2

VOD

Have the link to the VOD?

Description

Time

  • Played on: June 13, 2020, 9:17 a.m.
  • Length: 8:43

All games in this series

Show
View Real Time Build Order
Export as new Build Order

LiquidClem Terran - Winner!

Build Orders: Gas First Reaper Expand, Hellion Opening 

Get SALT Encoding   

  12  0:00  SCV  
  13  0:12  SCV  
  14  0:17  Supply Depot  
  14  0:25  SCV  
  15  0:31  Refinery  
  15  0:38  SCV  
  16  0:43  Barracks  
  16  0:50  SCV  
  17  1:02  SCV  
  18  1:14  SCV  
  19  1:30  Reaper, Orbital Command  
  20  1:41  Command Center  
  20  1:50  Supply Depot  
  20  1:59  Factory  
  20  2:02  SCV  
  20  2:07  Barracks Reactor  
  21  2:14  SCV  
  22  2:19  Refinery  
  22  2:26  SCV  
  23  2:39  SCV  
  24  2:47  Starport  
  24  2:51  SCV  
  25  2:52  Hellion x2  
  25  2:54  Orbital Command  
  25  2:55  Barracks Tech Lab  
  29  3:03  SCV  
  30  3:13  Hellion  
  30  3:14  Hellion  
  30  3:16  SCV  
  35  3:21  SCV  
  35  3:23  Viking  
  38  3:30  SCV  
  38  3:32  Supply Depot  
  38  3:33  SCV  
  40  3:38  Hellion x2  
  44  3:42  SCV  
  44  3:45  SCV  
  46  3:51  Armory  
  46  3:54  Medivac  
  48  3:57  SCV x2, Supply Depot  
  50  4:03  Hellion x2  
  54  4:18  SCV x2  
  54  4:19  Supply Depot  
  56  4:27  Command Center  
  56  4:30  SCV  
  57  4:36  Bunker  
  57  4:37  Marine x2, Siege Tank  
  62  4:43  Bunker  
  62  4:45  Liberator  
  65  4:49  SCV  
  65  4:50  Supply Depot  
  66  4:55  SCV, Marine x2  
  69  5:01  SCV  
  70  5:10  SCV  
  70  5:12  Siege Tank  
  72  5:15  Barracks  
  72  5:16  SCV  
  72  5:18  Marine, Barracks  
  69  5:22  SCV  
  69  5:28  SCV  
  69  5:30  Supply Depot, Marine  
  69  5:31  Command Center  
  69  5:33  Supply Depot  
  70  5:37  Starport Tech Lab  
  65  5:50  Marine  
  65  5:52  SCV x2, Siege Tank  
  65  5:53  Marine  
  63  5:58  Supply Depot  
  63  6:03  Marine  
  64  6:04  SCV x2  
  64  6:06  Starport Reactor  
  64  6:08  Marine  
  60  6:11  Marine  
  60  6:16  SCV x2  
  56  6:20  Engineering Bay x2  
  56  6:21  Marine  
  57  6:26  Marine x2  
  57  6:28  Siege Tank  
  57  6:29  SCV  
  57  6:31  Stimpack  
  57  6:32  SCV  
  64  6:37  Marine  
  64  6:39  Marine  
  66  6:43  Marine  
  66  6:44  SCV  
  66  6:47  Refinery x2  
  69  6:50  Orbital Command  
  69  6:53  Marine  
  69  6:55  Marine  
  69  6:56  SCV x2  
  69  6:57  Barracks Reactor  
  72  7:01  Marine  
  72  7:04  Siege Tank  
  74  7:10  Marine  
  74  7:11  SCV  
  74  7:12  SCV  
  74  7:14  Marine  
  65  7:22  SCV  
  53  7:23  SCV  
  53  7:24  Marine  
  53  7:27  SCV  
  53  7:28  Marine  
  57  7:32  Marine  
  57  7:33  Marine  
  57  7:37  SCV  
  57  7:42  Marine  
  59  7:45  Marine  
  59  7:46  Marine  
  59  7:47  SCV x2  
  63  7:51  Refinery  
  63  7:52  Marine  
  63  7:54  SCV  
  63  7:56  Marine  
  66  8:00  Marine  
  66  8:01  Siege Tank  
  66  8:02  Marine  
  66  8:04  Marine  
  66  8:05  SCV x2  
  72  8:10  Marine  
  73  8:13  Marine  
  73  8:17  Marine  
  73  8:19  SCV x2  
  77  8:20  Marine  
  80  8:27  Refinery  
  80  8:30  SCV  
  80  8:32  Supply Depot  
  83  8:38  Supply Depot  
Show
View Real Time Build Order
Export as new Build Order

Solar Zerg 

Build Orders: Hatch First 

Get SALT Encoding   

  12  0:01  Drone  
  13  0:13  Overlord  
  13  0:18  Drone  
  14  0:32  Drone x2  
  16  0:49  Hatchery  
  15  0:52  Drone  
  15  0:55  Drone  
  17  0:58  Drone  
  18  1:09  Extractor  
  17  1:13  Spawning Pool  
  17  1:16  Drone  
  17  1:20  Drone  
  18  1:29  Drone  
  19  1:40  Drone  
  20  1:51  Overlord  
  20  2:01  Queen x2  
  20  2:02  Zergling x2  
  20  2:03  Zergling x2  
  26  2:12  Drone x2  
  26  2:14  Metabolic Boost  
  28  2:24  Drone x2  
  30  2:36  Hatchery  
  28  2:37  Drone  
  28  2:44  Queen  
  29  2:49  Overlord  
  31  2:53  Drone x2  
  31  2:56  Drone  
  34  2:59  Drone  
  35  3:11  Drone x2  
  38  3:12  Drone  
  38  3:13  Drone x2  
  38  3:16  Drone x2  
  42  3:20  Roach Warren  
  42  3:25  Overlord  
  42  3:26  Zergling x2  
  42  3:29  Zergling x2, Extractor  
  42  3:33  Overlord  
  42  3:35  Drone  
  43  3:41  Overlord  
  43  3:55  Zergling x2  
  44  3:58  Overlord  
  44  4:02  Roach x7  
  58  4:05  Roach  
  60  4:11  Zergling x2  
  61  4:19  Zergling x8  
  65  4:25  Zergling x6  
  68  4:31  Zergling x6  
  68  4:37  Ravager  
  73  4:41  Ravager x2  
  73  4:42  Overlord x2  
  73  4:46  Zergling x2  
  74  4:53  Overlord  
  74  5:01  Zergling x8  
  75  5:10  Zergling x6  
  71  5:16  Ravager  
  71  5:18  Zergling x10  
  72  5:25  Ravager  
  72  5:27  Zergling x10  
  71  5:33  Zergling x4  
  60  5:50  Zergling x4  
  60  5:54  Zergling x12  
  59  6:02  Zergling x6  
  62  6:08  Roach x2  
  62  6:11  Roach x2  
  63  6:17  Zergling x6  
  62  6:19  Zergling x2  
  62  6:21  Zergling x2  
  62  6:25  Zergling x2  
  65  6:29  Ravager x2  
  65  6:32  Zergling x4  
  69  6:33  Zergling x2  
  69  6:36  Zergling x2  
  69  6:40  Zergling x4  
  69  6:42  Ravager  
  69  6:46  Zergling x2  
  74  6:47  Zergling x2  
  74  6:50  Zergling x2  
  75  6:54  Zergling x2  
  75  6:55  Zergling x2  
  75  6:59  Zergling x4  
  79  7:06  Zergling x2  
  79  7:14  Zergling x6  
  79  7:15  Zergling x2  
  70  7:20  Zergling x8  
  57  7:27  Ravager  
  57  7:28  Roach  
  60  7:30  Roach  
  60  7:32  Roach  
  63  7:37  Roach  
  63  7:40  Roach  
  63  7:42  Zergling x2  
  67  7:45  Roach  
  67  7:48  Zergling x2  
  70  7:51  Zergling x4  
  70  7:54  Ravager  
  70  7:57  Zergling x4  
  75  8:04  Zergling x6  
  77  8:07  Zergling x2  
  77  8:10  Zergling x4  
  79  8:15  Zergling x4  
  79  8:17  Zergling x2  
  82  8:20  Zergling x2  
  82  8:23  Ravager  
  82  8:25  Zergling x4  
Tags
 
Add a new tag
Caveats
  • Supply blocks, unpowered buildings, or Contaminate may cause inaccurate times.
  • Supply counts are checked every 10 seconds.